 Dungeon Crawl Stone Soup version 0.29-a0-961-gfab03dca74 (webtiles) character file.

Game seed: 15016325459426054025

2106 Elmgren the Cleaver (level 9, -10/105 HPs)
             Began as a Minotaur Berserker on July 30, 2022.
             Was a Priest of Trog.
             Mangled by a yak (13 damage)
             ... on level 6 of the Dungeon.
             The game lasted 00:13:09 (8144 turns).

Elmgren the Cleaver (Minotaur Berserker)            Turns: 8144, Time: 00:13:10

Health: -10/105    AC: 17    Str: 26    XL:     9   Next: 7%
Magic:  8/8        EV:  5    Int:  4    God:    Trog [***...]
Gold:   280        SH:  6    Dex: 10    Spells: 8/8 levels left

rFire   . . .      SeeInvis .   b - +0 hand axe (freeze)
rCold   . . .      Faith    .   u - +0 kite shield
rNeg    . . .      Spirit   .   m - +1 plate armour
rPois   .          Reflect  .   (helmet restricted)
rElec   .          Harm     .   (no cloak)
rCorr   .          Rampage  .   r - +0 pair of gloves
Will    .....                   (no boots)
Stlth   ..........              (no amulet)
HPRegen 0.27/turn               h - +4 ring of protection
MPRegen 0.11/turn               (no ring)

@: berserking, very quick
A: horns 2, retaliatory headbutt
a: Renounce Religion, Berserk, Trog's Hand


You were on level 6 of the Dungeon.
You worshipped Trog.
Trog was most pleased with you.
You visited 1 branch of the dungeon, and saw 6 of its levels.

You collected 280 gold pieces.

Inventory:

Hand Weapons
 b - a +0 hand axe of freezing (weapon)
 t - a +0 whip of flaming
Missiles
 f - 2 atropa-tipped darts (quivered)
Armour
 m - a +1 plate armour (worn)
 r - a +0 pair of gloves (worn)
 u - a +0 kite shield (worn)
Jewellery
 e - a ring of protection from fire
 h - a +4 ring of protection (left hand)
 l - a ring of resist corrosion
 o - a ring of ice
 p - a ring of ice
Wands
 q - a wand of polymorph (10)
Scrolls
 i - a scroll of fog
 j - 5 scrolls of teleportation
 k - 2 scrolls of immolation
Potions
 a - 2 potions of cancellation
 c - a potion of attraction
 d - 2 potions of heal wounds
 g - 4 potions of ambrosia
 n - a potion of flight
 s - 2 potions of curing


   Skills:
 - Level 3.6 Fighting
 + Level 14.4 Axes
 - Level 2.4 Armour
 - Level 2.1 Dodging


You had 8 spell levels left.
You didn't know any spells.
Your spell library was empty.

Dungeon Overview and Level Annotations

Branches:
Dungeon (6/15) Zot: 26251  Temple (0/1) D:5

Altars:
Kikubaaqudgha

Shops:
D:1 *

Annotations:
D:5 2 transporters, TimeIsEndless's ghost, novice FoFi


Innate Abilities, Weirdness & Mutations

You have a pair of horns on your head.
You reflexively headbutt those who attack you in melee.


Message History

The yak gores you.
You barely miss the yak. Your headbutt misses the yak.
The yak is lightly wounded.
You hit the yak. You freeze the yak. You hit the yak but do no damage.
You barely miss the yak.
The yak gores you but does no damage. x2
The yak gores you. You block the yak's attack.
You barely miss the yak.
The yak is lightly wounded.
You hit the yak. You freeze the yak. You hit the yak but do no damage. x2
The yak barely misses you. You furiously retaliate!
You headbutt the yak! The yak gores you! You block the yak's attack.
The yak gores you.
You slash the yak! You freeze the yak. You headbutt the yak!
The yak is heavily wounded.
You hit the yak. You freeze the yak. You slash the yak! You freeze the yak.
You barely miss the yak. The yak completely misses you. The yak gores you.
The yak closely misses you. The yak barely misses you.
A red film seems to cover your vision as you go berserk!
You feel yourself moving faster!
You feel mighty! You block the yak's attack. The yak gores you.
* * * LOW HITPOINT WARNING * * *
You block the yak's attack. The yak gores you!
* * * LOW HITPOINT WARNING * * *
You closely miss the yak.
The yak is moderately wounded.
You hit the yak but do no damage. You hit the yak. You freeze the yak.
You kill the yak!
Trog accepts your kill.
You barely miss the yak.
You have reached level 9!
Your experience leads to an increase in your attributes!
Increase (S)trength, (I)ntelligence, or (D)exterity?
You feel stronger. x2
You are too berserk!
You hit the yak. You freeze the yak. You headbutt the yak!
The yak is severely wounded.
You hit the yak. You freeze the yak. You slash the yak! You freeze the yak.
The yak gores you!
* * * LOW HITPOINT WARNING * * *
The yak gores you!
You die...

.............##..####....##......
#..................##..# #>...
#..................# ####...
###..........##.#....####......
##....#.......##.#..#..#.##.#...
#................#####...†.....#
##........#.#......##.)..[##..##
##.#.#...##...YY..#.....##..##
###.##....#.Y@##.......##.##
####...#######.......... #####
#.......#.. ........##..
......#.###.. ......### ### ....#


You could see 3 yaks.

Vanquished Creatures
  Prince Ribbit (D:6)
  A yak (D:6)
  Eustachio (D:4)
  An acid dragon (D:6)
  Duvessa (D:5)
  A black bear (D:4)
  3 phantoms
  A centaur (D:5)
  A bullfrog (D:6)
  3 scorpions
  Dowan (D:5)
  A crimson imp (D:6)
  2 hounds (D:5)
  2 jellies
  An orc priest (D:5)
  Crazy Yiuf (D:2)
  A gnoll bouda (D:5)
  8 iguanas
  3 orc wizards (D:4)
  3 gnolls (D:4)
  5 adders
  A white imp (D:5)
  2 worms
  A dart slug (D:5)
  9 orcs
  4 ball pythons
  5 endoplasms
  3 giant cockroaches
  17 goblins
  11 hobgoblins
  A jackal (D:5)
  3 quokkas
  5 bats
  4 frilled lizards
  7 kobolds
  4 rats
119 creatures vanquished.

Vanquished Creatures (others)
  A human (D:4)
1 creature vanquished.

Grand Total: 120 creatures vanquished

Notes
Turn   | Place    | Note
-------+----------+-------------------------------------------
     0 | D:1      | Elmgren the Minotaur Berserker began the quest for the Orb.
     0 | D:1      | Reached XP level 1. HP: 19/19 MP: 0/0
   380 | D:1      | Found Uwyefiq's Assorted Antiques.
   408 | D:1      | Reached skill level 4 in Axes
   796 | D:1      | Reached XP level 2. HP: 22/25 MP: 1/1
   800 | D:1      | Found a faded altar of an unknown god.
  1623 | D:1      | Reached skill level 5 in Axes
  2177 | D:2      | Reached XP level 3. HP: 31/31 MP: 2/2
  2212 | D:2      | Found a runed translucent door.
  2213 | D:2      | Noticed Crazy Yiuf
  2269 | D:2      | Killed Crazy Yiuf
  2957 | D:2      | Reached ** piety under Trog
  3116 | D:3      | Reached XP level 4. HP: 39/39 MP: 3/3
  3126 | D:3      | Reached skill level 6 in Axes
  3519 | D:3      | Identified the +1 robe of Dozxephi {rC+ rCorr}
  4693 | D:4      | Noticed a scorpion
  4709 | D:4      | Killed a scorpion
  4710 | D:4      | Reached skill level 7 in Axes
  4710 | D:4      | Reached XP level 5. HP: 34/45 MP: 4/4
  4911 | D:4      | Found an ancient bone altar of Kikubaaqudgha.
  5028 | D:4      | Noticed Eustachio
  5033 | D:4      | Killed Eustachio
  5034 | D:4      | Reached skill level 8 in Axes
  5034 | D:4      | Reached XP level 6. HP: 51/51 MP: 5/5
  5356 | D:4      | Reached *** piety under Trog
  5357 | D:4      | Reached skill level 9 in Axes
  5376 | D:4      | Reached XP level 7. HP: 50/57 MP: 6/6
  5448 | D:4      | Noticed a human
  5450 | D:4      | Killed a human
  5504 | D:4      | Reached skill level 10 in Axes
  6332 | D:5      | Entered Level 5 of the Dungeon
  6445 | D:5      | Reached skill level 11 in Axes
  6456 | D:5      | Reached XP level 8. HP: 64/64 MP: 7/7
  6719 | D:5      | Reached skill level 12 in Axes
  6807 | D:5      | Noticed Dowan
  6814 | D:5      | Found a staircase to the Ecumenical Temple.
  6814 | D:5      | Noticed Duvessa
  6822 | D:5      | Killed Dowan
  6828 | D:5      | Killed Duvessa
  6829 | D:5      | Reached skill level 13 in Axes
  7086 | D:5      | Found a transporter.
  7086 | D:5      | Noticed TimeIsEndless's ghost (novice FoFi)
  7102 | D:5      | Found a transporter.
  7387 | D:6      | Noticed Prince Ribbit
  7410 | D:6      | Killed Prince Ribbit
  7745 | D:6      | Reached skill level 14 in Axes
  8080 | D:6      | Identified the +0 robe of Nemelex Xobeh's Anger {rF+ Will-
                  | rCorr}
  8144 | D:6      | Reached XP level 9. HP: 10/70 MP: 8/8
  8144 | D:6      | HP: 3/105 [yak (8)]
  8144 | D:6      | Mangled by a yak

Illustrated notes

Levels and vault maps discovered:
D:1:      dpeg_arrival_brainrot, layout_basic, ebering_ecumenical_altar_mist,
          serial_shops, shop
D:2:      layout_basic, uniq_crazy_yiuf_cottage
D:3:      layout_loops_cross, minmay_misc_feat_rows, minmay_goblin_outpost
D:4:      layout_basic, tgw_kikubaaqudgha, nicolae_titane, uniq_eustachio
D:5:      minmay_angry_zag, layout_loops_ring, minmay_temple_entry_stoned_glass,
          gammafunk_ghost_stat_death, uniq_duvessa
D:6:      layout_cave_pools, nicolae_gozag_cash_rules_everything_around_me,
          nicolae_wooded_promenade, minmay_fire_ice_demons, uniq_prince_ribbit1

Skill      XL: |  1  2  3  4  5  6  7  8 |
---------------+-------------------------+-----
Axes           | 4 5 7 8 9 11 14 | 14.4
Fighting       | |  3.6
Armour         | |  2.4
Dodging        | |  2.1

Action                   |  1- 3 |  4- 6 |  7- 9 || total
-------------------------+-------+-------+-------++-------
Melee: Hand axe          |    83 |   105 |   182 ||   370
       Headbutt          |    10 |    12 |    31 ||    53
       Punch             |       |       |     1 ||     1
Invok: Berserk           |     1 |     2 |     5 ||     8
  Use: Scroll            |     5 |     4 |     2 ||    11
       Potion            |     4 |     2 |     3 ||     9
Armor: Animal skin       |     9 |       |       ||     9
       Scale mail        |     9 |     9 |       ||    18
       Plate armour      |       |    57 |    90 ||   147
Dodge: Dodged            |    64 |    30 |    37 ||   131
Block: Kite shield       |       |       |     4 ||     4

Table legend: (Time is in decaauts)
 A = Elapsed time spent in this place.
 B = Non-inter-level travel time spent in this place.
 C = Inter-level travel time spent in this place.
 D = Time resting spent in this place.
 E = Time spent auto-exploring this place.
 F = Levels seen in this place.
 G = Mean time per level.
                   A        B        C        D        E       F      G
               +--------+--------+--------+--------+--------+-----+--------+
         Total |   8160 |   8002 |    158 |   3977 |   2900 |   6 | 1360.0 |
       Dungeon |   8160 |   8002 |    158 |   3977 |   2900 |   6 | 1360.0 |
               +--------+--------+--------+--------+--------+-----+--------+

Top non-repeatable levels by time:
     D:1: 2036 daAuts
     D:4: 1755 daAuts
     D:3: 1571 daAuts
     D:5: 1276 daAuts
     D:2: 990 daAuts
     D:6: 529 daAuts
